 Dungeon Crawl Stone Soup version 0.20.1-1-g8b1a95d (webtiles) character file.

189 ron32 the Sneak (level 5, -2/35 HPs)
             Began as a Vampire Enchanter on Aug 11, 2017.
             Slain by Natasha (5 damage)
             ... on level 1 of the Dungeon.
             The game lasted 00:26:18 (3927 turns).

ron32 the Sneak (Vampire Enchanter)                 Turns: 3927, Time: 00:26:19

Health: -2/35      AC:  2    Str:  7    XL:     5   Next: 40%
Magic:  9/9        EV: 13    Int: 17    God:
Gold:   65         SH:  0    Dex: 16    Spells: 3/9 levels left

rFire    . . .     SeeInvis +   a - +1 dagger
rCold    . . .     Gourm    .   (no shield)
rNeg     . . .     Faith    .   b - +0 robe
rPois    .         Spirit   .   (no helmet)
rElec    .         Reflect  .   (no cloak)
rCorr    .         Harm     .   (no gloves)
MR       .....                  (no boots)
Stlth    +++.......             (no amulet)
Regen    0.4/turn               (no ring)
MPRegen  0.2/turn               (no ring)

@: regenerating quickly
A: fangs 3, see invisible, unbreathing
a: no special abilities


You were on level 1 of the Dungeon.
You were full.

You visited 1 branch of the dungeon, and saw 3 of its levels.

You collected 65 gold pieces.

Inventory:

Hand Weapons
 a - a +1 dagger (weapon)
 l - a +0 blowgun
Missiles
 m - 16 poisoned needles
 r - 3 needles of sleeping
Armour
 b - a +0 robe (worn)
Jewellery
 k - an uncursed amulet of rage
Scrolls
 e - 2 scrolls of enchant weapon {unknown}
 o - a scroll of magic mapping {unknown}
 p - a scroll of identify
Potions
 d - a potion of blood
 f - 2 potions of degeneration
 g - a potion of lignification {unknown}
 h - 3 potions of mutation {unknown}
 i - 2 potions of haste {unknown}
 j - a potion of heal wounds {unknown}
 n - 2 potions of might {unknown}
 q - a potion of cancellation {unknown}
Books
 c - a book of Maledictions

   Spells                             Type                      Level
   a - Corona                         Hexes                        1
   b - Ensorcelled Hibernation        Hexes/Ice                    2
   c - Confuse                        Hexes                        3
   d - Tukima's Dance                 Hexes                        3
   e - Dazzling Spray                 Conjuration/Hexes            3


   Skills:
 - Level 0.1 Fighting
 - Level 2.3 Short Blades
 + Level 2.8 Dodging
 + Level 6.5 Stealth
 - Level 2.9 Spellcasting
 + Level 5.6 Hexes
 - Level 0.2 Ice Magic


You had 3 spell levels left.
You knew the following spells:

 Your Spells              Type           Power        Failure   Level  Hunger
a - Corona                Hex            ###....      1%          1    #......
b - Ensorcelled Hibernat  Hex/Ice        ##....       9%          2    ##.....
c - Confuse               Hex            ###.....     5%          3    ###....


Dungeon Overview and Level Annotations

Branches:
Dungeon (3/15)

Altars:

Annotations:
D:1 Natasha
D:3 antares's ghost, amateur MfGl


Innate Abilities, Weirdness & Mutations

Your natural rate of healing is unusually fast.
You have razor-sharp teeth.
You have supernaturally acute eyesight. (SInv)
You can survive without breathing.


Message History

You closely miss Natasha.
Natasha is heavily wounded.
Natasha casts a spell.
You hit Natasha.
Natasha is severely wounded.
Natasha claws you!
You hit Natasha.
Natasha is almost dead.
Natasha claws you!
You closely miss Natasha.
Natasha is almost dead.
The white imp barely misses you.
You barely miss Natasha.
Natasha is almost dead.
Natasha completely misses you. The white imp gestures at you.
The puff of frost hits you!
* * * LOW HITPOINT WARNING * * *
Natasha claws you.
You die...

# #.............##...##.# #####
#.............##...##.#
....##########.........##...##[#
................######.##...##.#
###.###.#..##...#............#)#
###.###.##.##.#...####.##....#.#
#.................# #.#####.#.#
#......#.....#....# #.#####.#.#
#.....######.##.@.####.#.......##
###.#..8.....8.5h.#..............
###.#..#.....#....#.##.#......###
....#..#..<..#...................
#####..#.....#...##.....#########
..###..8.....8....'.....#
..##..##.######...#.....#
..##..##.....#....####.##
..##..............# #.#


You could see Natasha and a white imp.

Vanquished Creatures
  An orc wizard (D:3)
  Natasha (D:1)
  Robin (D:2)
  3 adders (D:3)
  An ooze (D:1)
  A worm (D:3)
  A dart slug (D:3)
  2 leopard geckos
  5 orcs (D:3)
  10 bats
  4 giant cockroaches
  22 goblins
  9 hobgoblins
  3 jackals (D:3)
  A quokka (D:3)
  2 ball pythons
  2 frilled lizards
  3 kobolds
  3 rats (D:1)
75 creatures vanquished.

Notes
Turn   | Place    | Note
-------+----------+-------------------------------------------
     0 | D:1      | ron32 the Vampire Enchanter began the quest for the Orb.
     0 | D:1      | Reached XP level 1. HP: 13/13 MP: 3/3
   283 | D:1      | Reached skill level 5 in Stealth
   286 | D:1      | Reached XP level 2. HP: 18/19 MP: 5/5
   311 | D:1      | Learned a level 2 spell: Ensorcelled Hibernation
   423 | D:2      | Noticed Natasha
  1453 | D:3      | Reached XP level 3. HP: 24/24 MP: 3/6
  1723 | D:2      | Noticed Robin
  1868 | D:2      | Killed Robin
  2406 | D:2      | Reached skill level 5 in Hexes
  2414 | D:2      | Learned a level 3 spell: Confuse
  2438 | D:3      | Noticed antares's ghost (amateur MfGl)
  2447 | D:3      | Reached XP level 4. HP: 30/30 MP: 7/7
  2928 | D:3      | Reached skill level 6 in Stealth
  3468 | D:3      | Reached XP level 5. HP: 35/35 MP: 6/9
  3844 | D:1      | Killed Natasha
  3902 | D:1      | Noticed Natasha
  3927 | D:1      | Slain by Natasha

Skill      XL: |  1  2  3  4 |
---------------+-------------+-----
Stealth        | 5 6 |  6.5
Hexes          | 5 |  5.6
Short Blades   | 2 |  2.3
Fighting       | |  0.1
Dodging        | |  2.8
Spellcasting   | |  2.9
Ice Magic      | |  0.2

Action                   |  1- 3 |  4- 6 || total
-------------------------+-------+-------++-------
Melee: Dagger            |   146 |    91 ||   237
       Bite              |     7 |     6 ||    13
 Cast: Ensorcelled Hiber |    26 |    26 ||    52
       Corona            |     5 |       ||     5
       Confuse           |       |     4 ||     4
  Use: Scroll            |     6 |       ||     6
 Stab: Sleeping          |    28 |    21 ||    49
       Confused          |       |     1 ||     1
  Eat: Corpse            |    15 |     8 ||    23
Armor: Robe              |    17 |    10 ||    27
Dodge: Dodged            |    86 |    55 ||   141
